[Event "Early-Titled-Tuesday-Blitz-February-06-2024"]
[Site "Chess.com"]
[Date "2024.02.06"]
[Round "10"]
[White "angelgab3"]
[Black "CaspiIsrael"]
[Result "0-1"]
[WhiteElo "2737"]
[BlackElo "2682"]
[TimeControl "180+1"]
[EndTime "9:55:35 PST"]
[Termination "CaspiIsrael won by resignation"]

1. e4 e5 2. Nf3 Nc6 3. Bb5 g6 4. O-O Bg7 5. c3 a6 6. Ba4 b5 7. Bb3 d6 8. d4 exd4 9. cxd4 Nge7 10. Be3 Na5 11. Bc2 Nc4 12. Bc1 O-O 13. b3 Nb6 14.
Nbd2 c5 15. Bb2 cxd4 16. Nxd4 Bb7 17. a4 bxa4 18. bxa4 Nd7 19. Rb1 Nc5 20. Re1 Re8 21. Nc4 Rc8 22. a5 Nxe4 23. Bxe4 Bxe4 24. Rxe4 d5 25.
Rxe7 Qxe7 26. Nb6 Rc5 27. h3 Qe4 28. Nb3 Rb5 29. Bxg7 Kxg7 30. Rc1 Qb4 31. Nd4 Rxa5 32. Nd7 Qd6 33. Nc6 Rb5 34. Qd4+ f6 35. Nb6 Re4 36. Nc8 Qc7 37. Qa7 Rb7 38. Qxa6 Qxc8 39. Rd1 Rc7 40.
Qxc8 Rxc8 41. Na7 Rc5 42. Rb1 Re7 0-1

[Event "Early-Titled-Tuesday-Blitz-February-06-2024"]
[Site "Chess.com"]
[Date "2024.02.06"]
[Round "10"]
[White "Aslanov_Umid"]
[Black "LangesNasenhaar"]
[Result "1-0"]
[WhiteElo "2671"]
[BlackElo "2512"]
[TimeControl "180+1"]
[EndTime "9:55:35 PST"]
[Termination "Aslanov_Umid won by checkmate"]

1. e4 g6 2. d4 Bg7 3. Nc3 c6 4.
f4 d5 5. e5 f6 6. Nf3 Nh6 7.
h3 Nf5 8. Kf2 fxe5 9. fxe5 O-O 10.
g4 Nh4 11. Be2 e6 12. Kg3 Nxf3 13. Bxf3 c5 14. dxc5 Nc6 15. Nxd5 exd5 16. Qxd5+ Kh8 17. Qxd8 Rxd8 18. Bf4 Nxe5 19. Rad1 Rf8 20. Bg2 Nc6 21. Rhe1 Bxb2 22. Bh6 Bg7 23. Bf4 h6 24. Bxc6 bxc6 25. Rd6 g5 26. Be5 Ba6 27. Rxh6+ Kg8 28. Rg6 Rf7 29.
Rxg5 Re8 30. Bxg7 Rxe1 31. Bc3+ Kh7 32. Bxe1 Bc4 33. h4 Bxa2 34. h5 Bd5 35. Bd2 Rf3+ 36.
Kh4 Rf2 37. Bc3 Rf7 38. Rg6 Re7 39. Kg5 Rf7 40. Rf6 Re7 41. Rf5 Re3 42. Bd4 Rg3 43.
Rf8 Be6 44. Rh8# 1-0

[Event "Early-Titled-Tuesday-Blitz-February-06-2024"]
[Site "Chess.com"]
[Date "2024.02.06"]
[Round "10"]
[White "carloseduar100"]
[Black "tetrix83"]
[Result "0-1"]
[WhiteElo "2342"]
[BlackElo "2588"]
[TimeControl "180+1"]
[EndTime "9:55:35 PST"]
[Termination "tetrix83 won by resignation"]

1. d4 Nf6 2. Bg5 c5 3. d5 d6 4.
Nc3 h6 5. Bh4 a6 6. e4 b5 7.
Bxf6 exf6 8. Nf3 g6 9. Ne2 f5 10. e5 Bg7 11. exd6 Bxb2 12. Rb1 Qa5+ 13. Nd2 Bf6 14. g3 O-O 15. Bg2 Qd8 16. c4 Qxd6 17.
O-O b4 18. Nb3 a5 19. Nf4 a4 20. Nc1 Ba6 21. Qc2 Nd7 22. Ncd3 Nb6 23. Rfe1 Bxc4 24. h4 b3 25. axb3 axb3 26. Qd2 Ra2 27. Qe3 Bd4 28. Qe7 Qxe7 29. Rxe7 Bxd3 30. Nxd3 c4 31. Nf4 c3 32.
Rxb3 Ra1+ 33. Kh2 c2 34. Nd3 Rd1 35. d6 Rxd3 36. Rxd3 c1=Q 37. Rxd4 Qc5 38. Rd2 Rd8 39. h5 Rxd6 40. Rde2 gxh5 41. R7e5 Qc4 42. Bf3 h4 43. Rxf5 hxg3+ 44. fxg3 Nd7 45. Kg2 Rf6 46. Rxf6 Nxf6 47. Rf2 Kg7 48. g4 Nxg4 49. Kg3 h5 0-1

[Event "Early-Titled-Tuesday-Blitz-February-06-2024"]
[Site "Chess.com"]
[Date "2024.02.06"]
[Round "10"]
[White "Qingdom"]
[Black "BashirliSaadat"]
[Result "0-1"]
[WhiteElo "2135"]
[BlackElo "2339"]
[TimeControl "180+1"]
[EndTime "9:55:35 PST"]
[Termination "BashirliSaadat won by resignation"]

1. d4 Nf6 2. Bg5 d5 3. e3 e6 4.
Nf3 Be7 5. c4 c6 6. Nc3 O-O 7.
Bd3 Nbd7 8. O-O dxc4 9. Bxc4 b5 10. Bd3 Bb7 11. Qe2 a6 12. a4 Nb6 13. e4 h6 14. Bxf6 Bxf6 15. e5 Be7 16. Qe4 g6 17. axb5 axb5 18. Qf4 Kg7 19. Ne4 Nd5 20. Qg3 Nb4 21.
Rxa8 Bxa8 22. Bb1 Qd5 23. h4 Qd8 24. h5 g5 25. Rc1 Nd5 26. Qh2 Nf4 27. Kf1 Bb7 28.
g3 Nd5 29. Nc5 Bxc5 30. Rxc5 b4 31. Kg2 Qe7 32. Qh1 Ra8 33. Qc1 Ra1 34. Qc2 Kf8 35. Qh7 Ke8 36. Be4 Qf8 37. Nd2 Rd1 38. Nc4 Ba6 39. Nd6+ Kd7 40. Nxf7 Ne7 41. Nxh6 Bf1+ 42. Kh2 Qxf2+ 43. Kh1 Bg2+ 44. Kh2 Bxe4+ 45. Kh3 Bxh7 0-1

[Event "Early-Titled-Tuesday-Blitz-February-06-2024"]
[Site "Chess.com"]
[Date "2024.02.06"]
[Round "10"]
[White "jacky72"]
[Black "Huragan007"]
[Result "1/2-1/2"]
[WhiteElo "2805"]
[BlackElo "2611"]
[TimeControl "180+1"]
[EndTime "9:55:37 PST"]
[Termination "Game drawn by repetition"]

1. Nc3 Nf6 2. e4 d6 3. d4 g6 4. Nf3 Bg7 5. Be2 O-O 6. O-O a6 7. a4 b6 8. Re1 Bb7 9. Bf1 c5 10. d5 Nbd7 11. Nd2 Ne8 12. Nc4 Ne5 13. Ne3 Nc7 14.
f4 Nd7 15. Kh1 Qb8 16. Qg4 Nf6 17. Qf3 b5 18. axb5 axb5 19. Rxa8 Bxa8 20. Ne2 e6 21. Rd1 exd5 22. Nxd5 Nfxd5 23. exd5 Qb7 24. f5 Nxd5 25. Nf4 Nxf4 26. Qxb7 Bxb7 27. Bxf4 Bxb2 28. Bxb5 d5 29. Bd6 Rc8 30. Rb1 Ra8 31. fxg6 hxg6 32. Bxc5 Ra1 33.
Rxa1 Bxa1 34. Kg1 Be5 35. g3 Kg7 36. Kf2 Kf6 37. Ke3 Ke6 38. Be8 g5 39. Bb5 f5 40.
Bd3 f4+ 41. Kf2 fxg3+ 42. hxg3 Bd6 43. Be3 Be7 44. g4 Bf6 45. Bd2 Kd6 46. Bb4+ Ke6 47. Bf5+ Kf7 48. Ke3 Ba6 49. Bc5 Bc4 50. Bd4 Bxd4+ 51.
Kxd4 Kf6 52. Bd7 Ba2 53. Bb5 Ke6 54. Bd3 Kd6 55. Bf5 Bc4 56. Bh7 Be2 57. Bf5 Bd1 58. c3 Bf3 59. Bc8 Bd1 60. Bf5 Bf3 61. Ke3 Bd1 62.
Kd2 Bf3 63. Ke3 Bd1 64. Kd4 1/2-1/2

[Event "Early-Titled-Tuesday-Blitz-February-06-2024"]
[Site "Chess.com"]
[Date "2024.02.06"]
[Round "10"]
[White "Anton_Demchenko"]
[Black "Aradhya2000"]
[Result "1-0"]
[WhiteElo "2883"]
[BlackElo "2699"]
[TimeControl "180+1"]
[EndTime "9:55:38 PST"]
[Termination "Anton_Demchenko won by resignation"]

1. e4 e5 2. Nf3 Nf6 3. Nxe5 d6 4. Nf3 Nxe4 5. d4 d5 6. Bd3 Bd6 7. O-O O-O 8. Re1 Bf5 9. c4 c6 10. Qb3 Qd7 11. Nc3 Nxc3 12. Bxf5 Qxf5 13. bxc3 b6 14. h3 Nd7 15. cxd5 cxd5 16. Bg5 Rfe8 17. a4 h6 18. Bh4 Re4 19. Qb5 Rae8 20. Rxe4 Rxe4 21. Qc6 Qe6 22.
Qa8+ Nf8 23. Bg3 Bxg3 24. fxg3 Re3 25. Rf1 Rxc3 26. Ne5 f6 27. Ng6 Qe3+ 28. Kh1 Qd3 29. Qxf8+ Kh7 30. Ne7 Qxf1+ 31. Kh2 h5 32. Qf7 Qe2 33.
Nf5 Rxg3 34. Nxg3 Qc4 35. Qxh5+ Kg8 36. Qe8+ Kh7 37. Nf5 Qd3 38. Qh5+ Kg8 39. Qg6 1-0

[Event "Early-Titled-Tuesday-Blitz-February-06-2024"]
[Site "Chess.com"]
[Date "2024.02.06"]
[Round "10"]
[White "Payyappat"]
[Black "bescmelasti"]
[Result "1-0"]
[WhiteElo "2521"]
[BlackElo "2676"]
[TimeControl "180+1"]
[EndTime "9:55:38 PST"]
[Termination "Payyappat won by resignation"]

1. e4 e5 2. Nf3 Nc6 3. Bc4 Bc5 4. c3 Nf6 5. d4 exd4 6. e5 d5 7. Bb5 Ne4 8. cxd4 Bb6 9. Nc3 O-O 10. Be3 Bg4 11.
h3 Bh5 12. Qc2 Bg6 13. Qb3 Ne7 14. O-O c6 15. Bd3 Nd2 16. Nxd2 Bxd3 17. Rfd1 Bg6 18. Na4 f6 19. f4 Nf5 20. Nxb6 Qxb6 21. Bf2 fxe5 22.
dxe5 Qxb3 23. axb3 b6 24. Nf3 Ne7 25. g3 c5 26. b4 d4 27. bxc5 bxc5 28. Rdc1 Rfc8 29.
Ra5 Rab8 30. Rxa7 Nc6 31. Ra6 Nb4 32. Ra5 Nd3 33. Rc2 Rxb2 34. Rxb2 Nxb2 35. g4 Be4 36. Nd2 Ba8 37. f5 Nd3 38. e6 Nxf2 39. Kxf2 c4 40.
Nxc4 g6 41. Nb6 Rf8 42. Rxa8 gxf5 43. Rxf8+ Kxf8 44. gxf5 Ke7 45. Ke2 Kf6 46. Kd3 1-0

[Event "Early-Titled-Tuesday-Blitz-February-06-2024"]
[Site "Chess.com"]
[Date "2024.02.06"]
[Round "10"]
[White "Witik"]
[Black "bulletteemo"]
[Result "1-0"]
[WhiteElo "2761"]
[BlackElo "2546"]
[TimeControl "180+1"]
[EndTime "9:55:38 PST"]
[Termination "Witik won by resignation"]

1. d4 Nf6 2. c4 e6 3. Nf3 c5 4.
e3 a6 5. a3 d5 6. dxc5 Bxc5 7.
b4 Be7 8. Bb2 O-O 9. Nc3 dxc4 10.
Bxc4 Nc6 11. O-O b5 12. Bd3 Bb7 13. Ne4 Rc8 14. Qb1 h6 15. Rd1 Nxe4 16. Bxe4 Qb6 17.
Rd7 Rfd8 18. Bxc6 Bxc6 19. Rxe7 Bxf3 20. Bd4 Qd6 21. Ra7 Ba8 22. Qb2 e5 23. Bc3 Qd3 24.
Be1 Qe4 25. f3 Qxe3+ 26. Bf2 Qg5 27. Qe2 Rd2 28. Qe3 Rcd8 29. h4 Rd1+ 30. Rxd1 Rxd1+ 31. Kh2 Qd8 32. Qxe5 Bd5 33. Bd4 f6 34. Qf4 Bf7 35.
Bc5 Qd5 36. Qb8+ Kh7 37. Qc7 Kg8 38. Rxa6 Qe6 39. Rxe6 Bxe6 40. Qb8+ 1-0

[Event "Early-Titled-Tuesday-Blitz-February-06-2024"]
[Site "Chess.com"]
[Date "2024.02.06"]
[Round "10"]
[White "wyharga"]
[Black "Nuvas"]
[Result "0-1"]
[WhiteElo "2585"]
[BlackElo "2787"]
[TimeControl "180+1"]
[EndTime "9:55:39 PST"]
[Termination "Nuvas won by resignation"]

1. e4 e5 2. Nf3 Nc6 3. Bc4 Nf6 4. d3 d5 5. exd5 Nxd5 6. O-O Nb6 7. Bb3 Bg4 8. h3 Bh5 9. Re1 Qe7 10. Be3 O-O-O 11. Nbd2 f6 12. Qe2 Qd7 13. Qf1 Nd5 14. a3 Nxe3 15.
fxe3 Bc5 16. Kh1 Rhe8 17. Ba4 a6 18. b4 Ba7 19. b5 axb5 20. Bxb5 f5 21. Nc4 Qd5 22.
Bxc6 bxc6 23. e4 fxe4 24. dxe4 Qc5 25. Ncxe5 Kb7 26. Rab1+ Bb6 27. Nd3 Qxc2 28. Nb4 Qa4 29. Nh4 Rd4 30. Nf5 Rdxe4 31. Rxe4 Rxe4 32. Nxg7 Bg6 33. Nd3 Qxa3 34. Ra1 Qxd3 35. Qxd3 Re1+ 36. Rxe1 Bxd3 37.
Ne6 c5 38. Nf4 Bb5 39. Nd5 c4 40. Kh2 Kc6 41. Ne7+ Kc5 42. g4 c3 43. Rc1 Kc4 44. g5 Be3 45. Re1 Bxg5 46. Nf5 c2 47. h4 c1=Q 48.
Rxc1+ Bxc1 49. Kg3 c5 50. Kg4 Bd7 51. h5 Bxf5+ 52.
Kxf5 h6 53. Ke4 Bg5 0-1

[Event "Early-Titled-Tuesday-Blitz-February-06-2024"]
[Site "Chess.com"]
[Date "2024.02.06"]
[Round "10"]
[White "lluiss"]
[Black "Nick12772"]
[Result "0-1"]
[WhiteElo "2144"]
[BlackElo "2373"]
[TimeControl "180+1"]
[EndTime "9:55:40 PST"]
[Termination "Nick12772 won by resignation"]

1. e4 e6 2. d4 d5 3. e5 c5 4. Nf3 cxd4 5. Nxd4 Nc6 6. Nf3 Nge7 7.
Bd3 Ng6 8. Qe2 Qc7 9. Bxg6 hxg6 10. O-O Bc5 11. c3 a5 12. Re1 Ba7 13. Bf4 Bd7 14.
Nbd2 Ne7 15. Nb3 Nf5 16. Nbd4 Bc6 17. Red1 a4 18. Nxf5 gxf5 19. Nd4 Qe7 20. Nb5 O-O 21.
Nxa7 Rxa7 22. Qe3 Raa8 23. Bg5 Qc7 24. Qg3 f6 25. Bxf6 a3 26. b3 Rf7 27. Bg5 Rc8 28.
Be3 Bb5 29. Bd4 f4 30. Qf3 Rf5 31. Rac1 Be8 32. Rd2 Bh5 33. Qh3 f3 34. g4 Rg5 35.
Qxh5 Rxh5 36. gxh5 Qf7 37. Kh1 Qxh5 38. Rg1 Rf8 39. Rg3 Rf5 40. Rd1 Rg5 41. Rdg1 Rxg3 42. Rxg3 Qf5 43. h3 Qb1+ 44. Kh2 Qxa2 45. Rxf3 Qxb3 46.
Kg3 a2 47. c4 Qxc4 48. Ba1 Qc1 0-1

[Event "Early-Titled-Tuesday-Blitz-February-06-2024"]
[Site "Chess.com"]
[Date "2024.02.06"]
[Round "10"]
[White "ValentunHulka"]
[Black "bazar-wokzal"]
[Result "1-0"]
[WhiteElo "2815"]
[BlackElo "2624"]
[TimeControl "180+1"]
[EndTime "9:55:41 PST"]
[Termination "ValentunHulka won on time"]

1. e4 Nc6 2. Nf3 d5 3. exd5 Qxd5 4. Nc3 Qa5 5. d4 Bg4 6. Bb5 O-O-O 7. Bxc6 bxc6 8. h3 Qh5 9. Be3 e6 10. Qe2 Bxf3 11.
Qa6+ Kd7 12. gxf3 Qxf3 13. Rg1 Ne7 14. Rd1 Nf5 15. Rd3 Qxh3 16. Qxa7 Bd6 17. Qa6 Ra8 18.
Qc4 Rhb8 19. Nd1 Rb4 20. Qc3 Qh2 21. Kf1 Rxa2 22. b3 Rb5 23. Qd2 Ra1 24. c4 Rba5 25.
d5 R5a2 26. dxe6+ fxe6 27. Qe1 Nxe3+ 28. Qxe3 Kc8 29. Qxe6+ Kb7 30. Qe3 Bf4 31. Qf3 Bd6 32. Rh1 Qe5 33. Rh5 Qb2 34. c5 Be5 35. Rh4 Qc2 36. Rb4+ Ka7 37. Rc4 Qb1 38. Qxc6 1-0

[Event "Early-Titled-Tuesday-Blitz-February-06-2024"]
[Site "Chess.com"]
[Date "2024.02.06"]
[Round "10"]
[White "ValiantCeleb"]
[Black "igorknyazev"]
[Result "0-1"]
[WhiteElo "2196"]
[BlackElo "2150"]
[TimeControl "180+1"]
[EndTime "9:55:42 PST"]
[Termination "igorknyazev won on time"]

1. d4 Nf6 2. Bf4 c5 3. e3 e6 4. Nd2 Qb6 5. Nc4 Qc6 6. Nf3 d5 7. Nfe5 Qa4 8. Na3 Nbd7 9. Bb5 Qb4+ 10. c3 Qxb2 11. Bxd7+ Bxd7 12. Qc1 Qxc1+ 13. Rxc1 cxd4 14. Nb1 dxe3 15. Bxe3 Bd6 16. Nxd7 Nxd7 17. O-O O-O 18. c4 Nf6 19. c5 Bc7 20. Nc3 e5 21. Nb5 Rfc8 22.
Rfd1 a6 23. Nxc7 Rxc7 24. f4 Ng4 25. Bd2 e4 26. h3 Nf6 27. Be3 Rac8 28. g4 h6 29. g5 hxg5 30. fxg5 Nh7 31. Rxd5 b6 32. c6 Rxc6 33. Rxc6 Rxc6 34. Re5 f5 35. Re8+ Kf7 36. Ra8 b5 37. h4 Kg6 38. Ra7 Nf8 39. Bd4 Ne6 40.
Be5 e3 41. Kf1 f4 0-1

[Event "Early-Titled-Tuesday-Blitz-February-06-2024"]
[Site "Chess.com"]
[Date "2024.02.06"]
[Round "10"]
[White "Fandorine"]
[Black "Evgeny81"]
[Result "1-0"]
[WhiteElo "2955"]
[BlackElo "2708"]
[TimeControl "180+1"]
[EndTime "9:55:43 PST"]
[Termination "Fandorine won on time"]

1. d4 d5 2. c4 c6 3. cxd5 cxd5 4.
Bf4 Nc6 5. e3 Nf6 6. Nc3 a6 7. Be2 e6 8. Nf3 Bd6 9. Bxd6 Qxd6 10.
O-O O-O 11. Rc1 b6 12. a3 Bd7 13. Na4 Rfb8 14. b4 Ne7 15. Ne5 Be8 16. Nc3 Nd7 17. f4 Nf6 18. Bd3 a5 19. Qb3 axb4 20. axb4 Rc8 21. h3 Rc7 22. Ra1 Rac8 23. Rfc1 Ne4 24. Bxe4 dxe4 25. Kh2 Qd8 26. Qb2 f6 27. Ng4 Nf5 28. Nxe4 h5 29. Rxc7 Qxc7 30. Nexf6+ gxf6 31. Nxf6+ Kf7 32. Nxe8 Rxe8 33. Qe2 Kg6 34. g4 hxg4 35. hxg4 Rh8+ 36. Kg1 Ng3 37. Qd3+ Kg7 38. Kg2 Qc6+ 39. d5 exd5 40. Kxg3 d4 41. Qxd4+ 1-0

[Event "Early-Titled-Tuesday-Blitz-February-06-2024"]
[Site "Chess.com"]
[Date "2024.02.06"]
[Round "10"]
[White "N_I_Chess"]
[Black "hmatyi07"]
[Result "0-1"]
[WhiteElo "2327"]
[BlackElo "2223"]
[TimeControl "180+1"]
[EndTime "9:55:43 PST"]
[Termination "hmatyi07 won by checkmate"]

1. d4 Nf6 2. c4 e6 3. Nc3 Bb4 4. Nf3 b6 5. e3 Bb7 6. Bd3 O-O 7.
Bd2 Bxc3 8. Bxc3 Ne4 9. Bxe4 Bxe4 10. Nd2 Bd3 11. d5 exd5 12. Qg4 Bg6 13. cxd5 d6 14. h4 h5 15. Qd4 f6 16. g4 Nd7 17. f4 Qe7 18. Rg1 Nc5 19. g5 Nd3+ 20. Kf1 Qd7 21.
Rg3 Rae8 22. Kg1 c5 23. dxc6 Qxc6 24. Kh2 Nc5 25. gxf6 Rxf6 26. Rag1 d5 27. f5 Ne4 28. Nxe4 Rxe4 29. Qd2 Rxh4+ 30. Kg2 d4+ 31. Kf1 dxc3 32. Qd8+ Kh7 33. Rxg6 Qf3+ 34. Ke1 Qxe3+ 35. Kd1 Qf3+ 36. Kc2 Qxf5+ 37. Kxc3 Rxg6 38. Rxg6 Rh3+ 39. Rg3 Rxg3+ 40. Kb4 Qa5+ 41. Kc4 Qc5# 0-1

[Event "Early-Titled-Tuesday-Blitz-February-06-2024"]
[Site "Chess.com"]
[Date "2024.02.06"]
[Round "10"]
[White "Yan_Dyomin2010"]
[Black "smotherhubbard"]
[Result "1-0"]
[WhiteElo "2595"]
[BlackElo "2382"]
[TimeControl "180+1"]
[EndTime "9:55:46 PST"]
[Termination "Yan_Dyomin2010 won by resignation"]

1. e4 e6 2. d4 d5 3. e5 c5 4. c3 Nc6 5. Nf3 Bd7 6. Be2 f6 7. O-O fxe5 8. Nxe5 Nxe5 9. dxe5 Ne7 10. Bg5 Qc7 11.
Re1 Nc6 12. Bf1 g6 13. Bf6 Rg8 14. Nd2 Bg7 15. Qg4 Nxe5 16. Bxe5 Bxe5 17. Nf3 Bd6 18. Rxe6+ Kf7 19. Ng5+ Kg7 20. Bd3 Rae8 21. Rae1 Rxe6 22. Nxe6+ Bxe6 23. Qxe6 Bxh2+ 24. Kh1 Bd6 25. Qxd5 Rd8 26.
Qe6 Qd7 27. Qe4 Rf8 28. Kg1 Rf4 29. Qe3 Qc6 30. g3 Rf7 31. Be4 Qd7 32. Bd5 Re7 33. Be4 Qh3 34. Rd1 Bc7 35. Qxc5 Bb6 36. Qxe7+ Kh6 37. Rd4 Bxd4 38. cxd4 Qg4 39. Qh4+ Qxh4 40.
gxh4 Kg7 41. d5 Kf6 42. d6 Ke6 43. Bxb7 Kxd6 44. Kg2 Kc5 45. Kg3 Kd4 46. Kg4 Kd3 47. Kg5 Kc2 48. Be4+ Kxb2 49. a4 Kb3 50. a5 a6 51. Bb7 Kb4 52. Bxa6 Kxa5 53. Bd3 Kb4 54. Bxg6 Kc3 55. Bxh7 Kd4 56. Bf5 Kc3 57. Kf6 1-0

[Event "Early-Titled-Tuesday-Blitz-February-06-2024"]
[Site "Chess.com"]
[Date "2024.02.06"]
[Round "10"]
[White "DarkAlekhine"]
[Black "DonkyDonkyDonkey"]
[Result "0-1"]
[WhiteElo "2758"]
[BlackElo "2911"]
[TimeControl "180+1"]
[EndTime "9:55:47 PST"]
[Termination "DonkyDonkyDonkey won on time"]

1. e4 c5 2. Nf3 d6 3. Bb5+ Nd7 4. O-O a6 5. Bxd7+ Bxd7 6. c3 Nf6 7. Re1 Bc6 8. d4 cxd4 9. Nxd4 Bxe4 10. Bg5 Bg6 11. Bxf6 gxf6 12. Nd2 Bh6 13. Nc4 O-O 14. Qf3 d5 15. Ne3 e6 16. Rad1 b5 17. h4 Bxe3 18.
Rxe3 h5 19. a4 bxa4 20. c4 Rc8 21. cxd5 Qxd5 22. Qxf6 Qd8 23. Qf4 Rc4 24. Rg3 Kh7 25. Kh2 Qd5 26. Qf6 Qd8 27. Qf4 Qe7 28. Qe3 Rd8 29. Rd2 Qxh4+ 30. Rh3 Qf6 31. Nf3 Rxd2 32. Nxd2 Qf4+ 33. Qxf4 Rxf4 34. Kg1 Rb4 35. Ra3 Rxb2 36. Nc4 Rb4 37. Ne5 Kg7 38. Nd7 Bd3 39. Nc5 Bb5 40.
f3 Kf8 41. Kf2 Ke7 42. Ke3 f5 43. Kd2 Kd6 44. Nb7+ Kc6 45. Nd8+ Kd7 46. Nf7 Rb2+ 47.
Kc3 Rxg2 48. Ra1 Ke7 49. Ne5 Kf6 50. f4 Rf2 51. Rg1 Rxf4 0-1

[Event "Early-Titled-Tuesday-Blitz-February-06-2024"]
[Site "Chess.com"]
[Date "2024.02.06"]
[Round "10"]
[White "Elsa167"]
[Black "Kildepiotr"]
[Result "1-0"]
[WhiteElo "2879"]
[BlackElo "2697"]
[TimeControl "180+1"]
[EndTime "9:55:47 PST"]
[Termination "Elsa167 won on time"]

1. e4 e6 2. d3 d5 3. Nd2 Nf6 4. Ngf3 c5 5. g3 Be7 6. Bg2 Nc6 7. O-O O-O 8. Re1 b5 9. e5 Ne8 10. a4 Nc7 11. axb5 Nxb5 12. Nb3 Bb7 13. c4 Nc7 14.
Be3 d4 15. Bd2 Na6 16. Na5 Nxa5 17. Rxa5 Nb4 18. Bxb4 cxb4 19. Qa1 a6 20. Nd2 Bxg2 21. Kxg2 Qb6 22. Qa4 Bd8 23. Ra1 Qxa5 24. Qxa5 Bxa5 25. Rxa5 f6 26. Nb3 fxe5 27. Rxe5 Kf7 28. Nxd4 Rfd8 29.
Re4 a5 30. b3 Rd6 31. Nf3 a4 32. bxa4 b3 33. c5 b2 34. Rb4 Rd5 35. d4 Rxa4 36. Rxb2 Kf6 37. Rb7 Ra2 38. g4 h6 39. h4 g5 40. h5 Ra3 41. Rh7 Rxf3 42.
Kxf3 Rxd4 43. Rxh6+ Ke5 44. Rg6 Rd3+ 45. Ke2 Rc3 46. Rxg5+ Ke4 47. h6 Rc2+ 48. Kd1 Rxf2 49. h7 Rh2 50. Rh5 1-0

[Event "Early-Titled-Tuesday-Blitz-February-06-2024"]
[Site "Chess.com"]
[Date "2024.02.06"]
[Round "10"]
[White "carokannlover213"]
[Black "Herman-NY"]
[Result "1-0"]
[WhiteElo "2770"]
[BlackElo "2544"]
[TimeControl "180+1"]
[EndTime "9:55:48 PST"]
[Termination "carokannlover213 won on time"]

1. d4 Nf6 2. c4 g6 3. Nc3 Bg7 4. e4 d6 5. Be2 O-O 6. Be3 Nbd7 7. h4 c5 8. d5 h5 9. Nh3 b5 10. cxb5 a6 11. O-O axb5 12. Bxb5 Ng4 13. Bd2 Ba6 14. a4 Nde5 15. f3 Nf6 16. Bxa6 Rxa6 17. Nb5 Nc4 18. Bc3 Ne3 19. Qd3 Nxf1 20. Kxf1 Qd7 21. a5 Rb8 22. Na3 Qb7 23. Nc4 Qb5 24. Ra3 Nd7 25. Kg1 Ne5 26. Bxe5 Bxe5 27. Ng5 Bxb2 28. Ra2 Bd4+ 29. Kh2 Qb1 30. Qe2 Qg1+ 31. Kh3 Rb1 32. Kg3 Qh1 33. e5 dxe5 34. Nxe5 Re1 35. Qxa6 Bxe5+ 36. f4 Re3+ 37. Nf3 Bf6 38. Qc8+ Kg7 39. Kf2 Qc1 40. Qb7 Rd3 41. Qb5 Qd2+ 42. Rxd2 Rxd2+ 43. Nxd2 Bd4+ 44. Ke2 1-0

[Event "Early-Titled-Tuesday-Blitz-February-06-2024"]
[Site "Chess.com"]
[Date "2024.02.06"]
[Round "10"]
[White "FrenchMonster2002"]
[Black "Arystanner"]
[Result "1/2-1/2"]
[WhiteElo "2488"]
[BlackElo "2851"]
[TimeControl "180+1"]
[EndTime "9:55:48 PST"]
[Termination "Game drawn by repetition"]

1. e4 e5 2. Nf3 Nf6 3. Nxe5 d6 4. Nf3 Nxe4 5. c4 Be7 6. Nc3 Nxc3 7. dxc3 O-O 8. Bd3 Nd7 9. Qc2 h6 10. Bf4 Bf6 11.
O-O-O Nc5 12. Bh7+ Kh8 13. Bf5 Bxf5 14. Qxf5 Qd7 15. Qxd7 Nxd7 16. Rhe1 Rfe8 17. Rxe8+ Rxe8 18. Re1 Rxe1+ 19. Nxe1 g5 20. Be3 b6 21. Nd3 Kg7 22. Kc2 Kg6 23. g4 a5 24. h3 Be7 25. f3 f5 26. Bd4 Bf6 27. Kd2 Nf8 28. Ke2 Bxd4 29. cxd4 Ne6 30. Ke3 Kf6 31. d5 Nd8 32. Kd4 Nf7 33. b3 Kg6 34. a3 h5 35. b4 axb4 36.
axb4 h4 37. c5 Kf6 38. cxb6 cxb6 39. b5 Nh8 40. Nb2 Ng6 41. Nc4 Nf4 42. Nxb6 Nxh3 43. Nd7+ Ke7 44. Nb8 Ng1 45. Nc6+ Kd7 46. gxf5 h3 47. f6 Nxf3+ 48. Ke4 g4 49. f7 Ng5+ 50. Kf4 Nxf7 51. Kg3 Kc7 52. Kh2 Kb6 53. Nd4 Ne5 54. Nf5 Kc5 55. b6 Kxd5 56. b7 Nd7 57. Nh6 Kc6 58.
Nxg4 Kxb7 59. Kxh3 Kc6 60. Kg3 Kd5 61. Kf3 Ne5+ 62.
Nxe5 Kxe5 63. Ke3 Kd5 64. Kd3 Kc5 65. Kc3 Kd5 66. Kd3 Ke6 67. Kd4 Ke7 68. Kd5 Kd7 69. Kd4 Ke6 70. Ke4 Ke7 71. Kd5 Kd7 72. Kd4 Ke6 73.
Ke4 d5+ 74. Kd4 Kd6 75. Kd3 Kc5 76. Kc3 d4+ 77. Kd3 Kd5 78. Kd2 Kc4 79. Kc2 d3+ 80. Kd2 Kd4 81. Kd1 Kc3 82. Kc1 Kc4 83. Kd2 Kd4 84. Kd1 Ke3 85. Ke1 Ke4 86. Kd2 Kd4 1/2-1/2

[Event "Early-Titled-Tuesday-Blitz-February-06-2024"]
[Site "Chess.com"]
[Date "2024.02.06"]
[Round "10"]
[White "jcreyes69"]
[Black "TV27"]
[Result "1-0"]
[WhiteElo "2397"]
[BlackElo "2169"]
[TimeControl "180+1"]
[EndTime "9:55:48 PST"]
[Termination "jcreyes69 won by checkmate"]

1. e4 c5 2. Nf3 Nc6 3. d4 cxd4 4.
Nxd4 Nf6 5. Nc3 e5 6. Ndb5 d6 7. Bg5 a6 8. Na3 b5 9. Bxf6 gxf6 10. Nd5 Bg7 11. g3 O-O 12. Bg2 f5 13. exf5 Bxf5 14. Ne3 Ne7 15. O-O Rb8 16. c3 Be6 17. Nac2 d5 18. Nb4 d4 19. cxd4 exd4 20. Nec2 d3 21. Qxd3 Bxb2 22. Rad1 Qxd3 23. Nxd3 Bg7 24. Nf4 Bc4 25.
Rfe1 Ng6 26. Nxg6 hxg6 27. Nb4 a5 28. Nc6 Rb6 29. Nxa5 Bxa2 30. Nc6 b4 31. Ne7+ Kh7 32. Re4 b3 33. Rh4+ Bh6 34. Nd5 Rb5 35. Nc3 Rh5 36.
Rxh5 gxh5 37. Be4+ Kg7 38. Nxa2 bxa2 39. Ra1 Re8 40.
Bd5 Re2 41. Bxa2 h4 42. Bc4 hxg3 43. Bxe2 gxh2+ 44. Kxh2 Bg5 45. Bc4 Bf4+ 46. Kh3 Be5 47. Ra7 Kf6 48. Rxf7+ Kg5 49. f4+ Kg6 50. fxe5 Kh6 51.
e6 Kg6 52. e7 Kh6 53. e8=Q Kg6 54. Qg8+ Kh6 55. Rh7# 1-0

[Event "Early-Titled-Tuesday-Blitz-February-06-2024"]
[Site "Chess.com"]
[Date "2024.02.06"]
[Round "10"]
[White "Iskusnyh"]
[Black "Bodnar_Mykola"]
[Result "0-1"]
[WhiteElo "2634"]
[BlackElo "2521"]
[TimeControl "180+1"]
[EndTime "9:55:49 PST"]
[Termination "Bodnar_Mykola won on time"]

1. d4 Nf6 2. c4 e6 3. g3 Bb4+ 4.
Nd2 O-O 5. Bg2 d5 6. Nf3 dxc4 7. Qc2 a6 8. Qxc4 Bxd2+ 9. Bxd2 b5 10. Qc2 Bb7 11.
O-O Be4 12. Qb3 Nc6 13. e3 Qd5 14.
Qxd5 Nxd5 15. Rfc1 Ncb4 16. Ne1 Bxg2 17. Kxg2 c5 18.
Rxc5 Rfc8 19. Rxc8+ Rxc8 20. Kf1 f5 21. Ke2 g5 22. a3 Nc6 23. Nd3 Kf7 24. Nc5 a5 25. Rc1 g4 26. Nd3 Nde7 27. Bxa5 Nxa5 28. Nc5 Nb7 29. b4 Nxc5 30. bxc5 Nd5 31. Kf1 Rb8 32.
Rb1 Ke7 33. Kg2 Kd7 34. h3 h5 35. hxg4 hxg4 36. Rh1 Ra8 37. Rh7+ Kc6 38. Rh6 Nc7 39. f3 Rxa3 40. fxg4 fxg4 41. e4 Ra2+ 42. Kf1 b4 43. d5+ Kxc5 44. dxe6 b3 0-1

[Event "Early-Titled-Tuesday-Blitz-February-06-2024"]
[Site "Chess.com"]
[Date "2024.02.06"]
[Round "10"]
[White "Sam_ChessMood"]
[Black "nihalsarin"]
[Result "0-1"]
[WhiteElo "2916"]
[BlackElo "3118"]
[TimeControl "180+1"]
[EndTime "9:55:50 PST"]
[Termination "nihalsarin won by resignation"]

1. d4 a6 2. c4 b5 3. c5 e5 4.
dxe5 Nc6 5. Nf3 Bxc5 6. Bf4 Nge7 7. Nc3 Ng6 8. Bg3 O-O 9. e3 Re8 10. a4 Rb8 11. axb5 axb5 12. Bxb5 Ncxe5 13. Nxe5 Nxe5 14. O-O Bb7 15. Be2 Bc6 16. Qc2 Bb6 17. Rfd1 Qf6 18. b4 d6 19. b5 Ba8 20. Rac1 Nd7 21. Na4 Nc5 22. Nxb6 Rxb6 23. Rd4 Be4 24. Qd1 Bg6 25. h4 h6 26. h5 Bf5 27. Bf4 Re4 28. Rxe4 Bxe4 29.
Qd4 Qf5 30. Rxc5 dxc5 31. Qd8+ Kh7 32. Qxc7 Rb7 33. Qd6 Rd7 34. Qe5 Qxe5 35. Bxe5 Rd2 36. Bc4 f6 37. Bc7 Rc2 38. Be6 c4 39. f3 Bd3 40. b6 Rb2 41. Bd5 c3 42. e4 c2 0-1